FBNC
UNION TOWNSHIP SODBUSTERS @ BULLPITT CHESTERS
04/06/1946
 
TOP OF THE 1ST
Union Township Sodbusters batting - Pitching for Bullpitt Chesters : RHP John Martina
Pitching: RHP John Martina
Batting: LHB Goose Goslin 0-0: Foul Ball, location: 2F
0-1: Called Strike
0-2: Ball
1-2: Ball
2-2: Ball
3-2: Base on Balls
Batting: SHB Frankie Frisch 0-0: Called Strike
0-1: Foul Ball, location: 2F
0-2: Ball
1-2: Foul Ball, location: 2F
1-2: Ball
2-2: Ball
3-2: DOUBLE (Flyball, 89D, EV 103.8 MPH)
Goose Goslin to third
Runner from 3rd tries for Home, SAFE, no throw by RF
Batting: RHB Austin McHenry 0-0: Ball
Frankie Frisch steals 3rd base (no throw)
1-0: Swinging Strike
1-1: Ball
2-1: SINGLE (Line Drive, 8LS, EV 88.8 MPH)
Frankie Frisch scores
Batting: RHB Bubbles Hargrave 0-0: Ball
1-0: Ball
2-0: Ball
3-0: Called Strike
3-1: Grounds into double play, 4-6-3 (Groundball, 4M, EV 91.9 MPH)
Batting: RHB Chick Hafey 0-0: Ball
1-0: Ball
2-0: Called Strike
2-1: Ground out 4-3 (Groundball, 4, EV 105.6 MPH)
Top of the 1st over - 2 runs, 2 hits, 0 errors, 0 left on base; Union Township 2 - Bullpitt 0
BOTTOM OF THE 1ST
Bullpitt Chesters batting - Pitching for Union Township Sodbusters : RHP Rube Marshall
Pitching: RHP Rube Marshall
Batting: LHB Joe Sewell 0-0: Called Strike
0-1: Foul Ball, location: 2F
0-2: Ball
1-2: Ball
2-2: SINGLE (Line Drive, 7LS, EV 98.8 MPH)
Batting: RHB Milt Stock 0-0: Called Strike
0-1: Ball
1-1: Ball
2-1: Called Strike
2-2: Ball
3-2: Grounds into double play, 6-4-3 (Groundball, 6, EV 87.5 MPH)
Batting: LHB Lou Gehrig 0-0: Ball
1-0: Ball
2-0: Ball
3-0: Called Strike
3-1: Base on Balls
Batting: RHB Harry Heilmann 0-0: Called Strike
0-1: SINGLE (Line Drive, 8LS, EV 106.3 MPH)
Lou Gehrig to second
Batting: LHB Denver Grigsby 0-0: Ball
1-0: Foul Ball, location: 2F
1-1: Ball
2-1: Ball
3-1: Base on Balls
Lou Gehrig to third
Harry Heilmann to second
Batting: RHB Ossie Bluege 0-0: Ball
1-0: Ball
2-0: Ground out 4-3 (Groundball, 4S, EV 91.9 MPH)
Bottom of the 1st over - 0 runs, 2 hits, 0 errors, 3 left on base; Union Township 2 - Bullpitt 0
TOP OF THE 2ND
Union Township Sodbusters batting - Pitching for Bullpitt Chesters : RHP John Martina
Batting: RHB John Kelleher 0-0: Ball
1-0: Called Strike
1-1: Called Strike
1-2: Foul Ball, location: 9LDF
1-2: Foul Ball, location: 5F
1-2: Ground out 6-3 (Groundball, 6S, EV 81.3 MPH)
Batting: RHB Joe Dugan 0-0: Ground out 6-3 (Groundball, 4MS, EV 61.3 MPH)
Batting: RHB Jimmy E Cooney 0-0: Called Strike
0-1: Ball
1-1: Foul Ball, location: 2F
1-2: Ball
2-2: Foul Ball, location: 9LDF
2-2: Ground out 5-3 (Groundball, 56S, EV 70.6 MPH)
Top of the 2nd over - 0 runs, 0 hits, 0 errors, 0 left on base; Union Township 2 - Bullpitt 0
BOTTOM OF THE 2ND
Bullpitt Chesters batting - Pitching for Union Township Sodbusters : RHP Rube Marshall
Batting: LHB Elliot Bigelow 0-0: SINGLE (Groundball, 34D, EV 102.5 MPH)
Batting: RHB Mike Konnick 0-0: Called Strike
0-1: Called Strike
0-2: Foul Ball, location: 2F
0-2: Ball
1-2: Fielders Choice at 2nd, 1-4 (Groundball, 15, EV 83.1 MPH)
Batting: RHB John Martina 0-0: Sac Bunt to 3S - play at first, batter OUT! 3-1
Mike Konnick to second
Batting: LHB Joe Sewell 0-0: Foul Ball, location: 7LMF
0-1: Ground out U3 (Groundball, 3L, EV 100.6 MPH)
Bottom of the 2nd over - 0 runs, 1 hit, 0 errors, 1 left on base; Union Township 2 - Bullpitt 0
TOP OF THE 3RD
Union Township Sodbusters batting - Pitching for Bullpitt Chesters : RHP John Martina
Batting: RHB Rube Marshall 0-0: Ground out 4-3 (Groundball, 4M, EV 83.8 MPH)
Batting: LHB Goose Goslin 0-0: Foul Ball, location: 2F
0-1: Ground out 4-3 (Groundball, 4, EV 101.9 MPH)
Batting: SHB Frankie Frisch 0-0: Ball
1-0: Called Strike
1-1: Ball
2-1: Ball
3-1: Swinging Strike
3-2: Ground out 4-3 (Groundball, 4, EV 100.6 MPH)
Top of the 3rd over - 0 runs, 0 hits, 0 errors, 0 left on base; Union Township 2 - Bullpitt 0
BOTTOM OF THE 3RD
Bullpitt Chesters batting - Pitching for Union Township Sodbusters : RHP Rube Marshall
Batting: RHB Milt Stock 0-0: Foul Ball, location: 2F
0-1: Called Strike
0-2: Ball
1-2: Fly out, F8 (Flyball, 8LS, EV 95.0 MPH)
Batting: LHB Lou Gehrig 0-0: Ball
1-0: TRIPLE (Line Drive, 78XD, EV 105.0 MPH)
Batting: RHB Harry Heilmann 0-0: Foul Ball, location: 9LSF
0-1: Ball
1-1: Foul Ball, location: 9LSF
1-2: Ball
2-2: Ball
3-2: Ground out 5-3 (Groundball, 56S, EV 66.9 MPH)
Lou Gehrig scores
Batting: LHB Denver Grigsby 0-0: Foul Ball, location: 2F
0-1: Ball
1-1: Foul Ball, location: 2F
1-2: Ball
2-2: Ball
3-2: SINGLE (Line Drive, 9LS, EV 105.6 MPH)
Batting: RHB Ossie Bluege 0-0: Called Strike
0-1: Ball
1-1: Ball
2-1: Ground out 4-3 (Groundball, 4, EV 102.5 MPH)
Bottom of the 3rd over - 1 run, 2 hits, 0 errors, 1 left on base; Union Township 2 - Bullpitt 1
TOP OF THE 4TH
Union Township Sodbusters batting - Pitching for Bullpitt Chesters : RHP John Martina
Batting: RHB Austin McHenry 0-0: Ball
1-0: SINGLE (Line Drive, 4D, EV 98.1 MPH)
Batting: RHB Bubbles Hargrave 0-0: Ball
1-0: Grounds out, U3 (Groundball, 3L, EV 100.6 MPH)
Batting: RHB Chick Hafey 0-0: Ball
1-0: Fly out, F8 (Flyball, 8RS, EV 76.9 MPH)
Batting: RHB John Kelleher 0-0: Ball
1-0: Ball
2-0: Called Strike
2-1: Ball
3-1: Ground out 4-3 (Groundball, 4, EV 90.0 MPH)
Top of the 4th over - 0 runs, 1 hit, 0 errors, 1 left on base; Union Township 2 - Bullpitt 1
BOTTOM OF THE 4TH
Bullpitt Chesters batting - Pitching for Union Township Sodbusters : RHP Rube Marshall
Batting: LHB Elliot Bigelow 0-0: Swinging Strike
0-1: Bunt for hit to 15S - play at first, batter OUT! 1-3
Batting: RHB Mike Konnick 0-0: Fly out, F9 (Line Drive, 9D, EV 93.1 MPH)
Batting: RHB John Martina 0-0: Ball
1-0: Ball
2-0: Ground out 5-3 (Groundball, 5L, EV 90.6 MPH)
Bottom of the 4th over - 0 runs, 0 hits, 0 errors, 0 left on base; Union Township 2 - Bullpitt 1
TOP OF THE 5TH
Union Township Sodbusters batting - Pitching for Bullpitt Chesters : RHP John Martina
Batting: RHB Joe Dugan 0-0: Ball
1-0: Fly out, F1 (Line Drive, P, EV 71.9 MPH)
Batting: RHB Jimmy E Cooney 0-0: Called Strike
0-1: Ball
1-1: Ground out U3 (Groundball, 3S, EV 81.3 MPH)
Batting: RHB Rube Marshall 0-0: Called Strike
0-1: Ball
1-1: Swinging Strike
1-2: Foul Ball, location: 5SF
1-2: Strikes out swinging
Top of the 5th over - 0 runs, 0 hits, 0 errors, 0 left on base; Union Township 2 - Bullpitt 1
BOTTOM OF THE 5TH
Bullpitt Chesters batting - Pitching for Union Township Sodbusters : RHP Rube Marshall
Batting: LHB Joe Sewell 0-0: Ball
1-0: Foul Ball, location: 7LSF
1-1: Foul Ball, location: 25F
1-2: Ball
2-2: Ground out U3 (Groundball, 3S, EV 78.1 MPH)
Batting: RHB Milt Stock 0-0: Ground out 6-3 (Groundball, 56, EV 110.6 MPH)
Batting: LHB Lou Gehrig 0-0: Ball
1-0: Foul Ball, location: 2F
1-1: Ball
2-1: Ball
3-1: Foul Ball, location: 2F
3-2: Ground out 3-1 (Groundball, 34, EV 86.3 MPH)
Bottom of the 5th over - 0 runs, 0 hits, 0 errors, 0 left on base; Union Township 2 - Bullpitt 1
TOP OF THE 6TH
Union Township Sodbusters batting - Pitching for Bullpitt Chesters : RHP John Martina
Batting: LHB Goose Goslin 0-0: Called Strike
0-1: Ball
1-1: DOUBLE (Line Drive, 89M, EV 111.3 MPH)
Pitching: LHP Raleigh Aitchison
Batting: SHB Frankie Frisch 0-0: Ball
1-0: Ball
2-0: Foul Ball, location: 2F
2-1: Ball
3-1: Foul Ball, location: 2F
3-2: Foul Ball, location: 2F
3-2: SINGLE (Line Drive, 89M, EV 84.4 MPH)
Goose Goslin to third
Batting: RHB Austin McHenry 0-0: Called Strike
0-1: Ball
1-1: Fielders Choice at 2nd, 4-6 (Groundball, 4, EV 81.3 MPH)
Goose Goslin scores
Batting: RHB Bubbles Hargrave 0-0: Ball
1-0: Called Strike
1-1: SINGLE (Groundball, 56D, EV 103.8 MPH)
Austin McHenry to second
Batting: RHB Chick Hafey 0-0: Ball
1-0: Called Strike
1-1: Foul Ball, location: 2F
1-2: Ball
2-2: SINGLE (Groundball, 34D, EV 106.3 MPH)
Austin McHenry to third
Bubbles Hargrave to second
Runner from 3rd tries for Home, SAFE, throw by RF to home
Batting: RHB John Kelleher 0-0: Fly out, F9 (Flyball, 89S, EV 91.3 MPH)
Batting: RHB Joe Dugan 0-0: Ball
1-0: Swinging Strike
1-1: Fly out, F6 (Line Drive, 6, EV 65.0 MPH)
Top of the 6th over - 2 runs, 4 hits, 0 errors, 2 left on base; Union Township 4 - Bullpitt 1
BOTTOM OF THE 6TH
Bullpitt Chesters batting - Pitching for Union Township Sodbusters : RHP Rube Marshall
Batting: RHB Harry Heilmann 0-0: Swinging Strike
0-1: Foul Ball, location: 2F
0-2: Fly out, F9 (Flyball, 9LS, EV 73.1 MPH)
Batting: LHB Denver Grigsby 0-0: Ball
1-0: Called Strike
1-1: Fly out, F3 (Popup, 3L, EV 58.8 MPH)
Batting: RHB Ossie Bluege 0-0: Called Strike
0-1: Ball
1-1: Foul Ball, location: 2F
1-2: Ball
2-2: Ground out U3 (Groundball, 3L, EV 108.1 MPH)
Bottom of the 6th over - 0 runs, 0 hits, 0 errors, 0 left on base; Union Township 4 - Bullpitt 1
TOP OF THE 7TH
Union Township Sodbusters batting - Pitching for Bullpitt Chesters : LHP Raleigh Aitchison
Batting: RHB Jimmy E Cooney 0-0: SINGLE (Line Drive, 7S, EV 96.3 MPH)
Pitching: RHP Dave Davenport
Batting: RHB Rube Marshall 0-0: Sac Bunt to 15S - play at first, batter OUT! 1-4
Jimmy E Cooney to second
Batting: LHB Goose Goslin 0-0: Ball
1-0: Reached on error, E4 (Groundball, 4, EV 86.9 MPH)
Jimmy E Cooney scores
Batting: SHB Frankie Frisch 0-0: SINGLE (Groundball, 56D, EV 97.5 MPH)
Goose Goslin to third
Batting: RHB Austin McHenry Pickoff Throw to First - No movement.
Pickoff Throw to First - No movement.
Pickoff Throw to First - No movement.
0-0: Fly out, F9 (Line Drive, 9S, EV 87.5 MPH)
Batting: RHB Bubbles Hargrave 0-0: Ball
1-0: SINGLE (Groundball, 56D, EV 96.9 MPH)
Goose Goslin scores
Frankie Frisch to second
Batting: RHB Chick Hafey Pickoff Throw to Second - No movement.
0-0: Swinging Strike
0-1: Called Strike
0-2: Strikes out swinging
Top of the 7th over - 2 runs, 3 hits, 1 error, 2 left on base; Union Township 6 - Bullpitt 1
BOTTOM OF THE 7TH
Bullpitt Chesters batting - Pitching for Union Township Sodbusters : RHP Rube Marshall
Batting: LHB Elliot Bigelow 0-0: Ball
1-0: Foul Ball, location: 2F
1-1: Ground out 6-3 (Groundball, 6, EV 103.1 MPH)
Batting: RHB Mike Konnick 0-0: Foul Ball, location: 9LDF
0-1: Called Strike
0-2: Foul Ball, location: 2F
0-2: Foul Ball, location: 2F
0-2: Ball
1-2: Foul Ball, location: 2F
1-2: Ball
2-2: SINGLE (Groundball, 6D, EV 93.8 MPH)
Pinch Hitting: LHB Charlie Blackwell 0-0: Foul Ball, location: 2F
0-1: Ball
1-1: Foul Ball, location: 2F
1-2: Ball
2-2: Fly out, F8 (Flyball, 8LS, EV 86.9 MPH)
Batting: LHB Joe Sewell 0-0: Ball
1-0: Foul Ball, location: 2F
1-1: Foul Ball, location: 2F
1-2: Hit by Pitch
Mike Konnick to second
Batting: RHB Milt Stock 0-0: Ball
1-0: Fly out, F8 (Flyball, 8RD, EV 82.5 MPH)
Bottom of the 7th over - 0 runs, 1 hit, 0 errors, 2 left on base; Union Township 6 - Bullpitt 1
TOP OF THE 8TH
Union Township Sodbusters batting - Pitching for Bullpitt Chesters : RHP Dave Davenport
Pitching: RHP Bill Pertica
Batting: RHB John Kelleher 0-0: Called Strike
0-1: Ground out 4-3 (Groundball, 4, EV 84.4 MPH)
Batting: RHB Joe Dugan 0-0: Swinging Strike
0-1: Swinging Strike
0-2: Strikes out looking
Batting: RHB Jimmy E Cooney 0-0: Ball
1-0: Called Strike
1-1: SINGLE (Groundball, 6D, EV 94.4 MPH)
Batting: RHB Rube Marshall 0-0: Ball
1-0: Called Strike
1-1: Fly out, F9 (Flyball, 9D, EV 91.9 MPH)
Top of the 8th over - 0 runs, 1 hit, 0 errors, 1 left on base; Union Township 6 - Bullpitt 1
BOTTOM OF THE 8TH
Bullpitt Chesters batting - Pitching for Union Township Sodbusters : RHP Rube Marshall
Batting: LHB Lou Gehrig 0-0: Foul Ball, location: 2F
0-1: Ground out 6-3 (Groundball, 56, EV 101.9 MPH)
Batting: RHB Harry Heilmann 0-0: Reached on error, E6 (Groundball, 6, EV 101.3 MPH)
Batting: LHB Denver Grigsby 0-0: Called Strike
0-1: Foul Ball, location: 2F
0-2: Ball
1-2: Ball
2-2: Grounds into double play, 4-6-3 (Groundball, 4, EV 93.1 MPH)
Bottom of the 8th over - 0 runs, 0 hits, 1 error, 0 left on base; Union Township 6 - Bullpitt 1
TOP OF THE 9TH
Union Township Sodbusters batting - Pitching for Bullpitt Chesters : RHP Bill Pertica
Batting: LHB Goose Goslin 0-0: Ball
1-0: Ball
2-0: Swinging Strike
2-1: Ground out 4-3 (Groundball, 4, EV 90.6 MPH)
Batting: SHB Frankie Frisch 0-0: Ball
1-0: Ball
2-0: Ball
3-0: Called Strike
3-1: Base on Balls
Batting: RHB Austin McHenry 0-0: Ball
1-0: Ball
2-0: Ball
3-0: Called Strike
3-1: Grounds into double play, 6-4-3 (Groundball, 6MS, EV 87.5 MPH)
Top of the 9th over - 0 runs, 0 hits, 0 errors, 0 left on base; Union Township 6 - Bullpitt 1
BOTTOM OF THE 9TH
Bullpitt Chesters batting - Pitching for Union Township Sodbusters : RHP Rube Marshall
Batting: RHB Ossie Bluege 0-0: Ball
1-0: Called Strike
1-1: Ground out 1-3 (Groundball, 34S, EV 79.4 MPH)
Batting: LHB Elliot Bigelow 0-0: DOUBLE (Line Drive, 5D, EV 99.4 MPH)
Batting: RHB Mike Konnick 0-0: Called Strike
0-1: DOUBLE (Line Drive, 7LM, EV 100.6 MPH)
Elliot Bigelow scores
Pinch Hitting: RHB Chick Tolson 0-0: Reached on error, E7 (Flyball, 7D, EV 95.6 MPH)
Mike Konnick scores
Batting: LHB Joe Sewell 0-0: Ball
1-0: Called Strike
1-1: Ball
2-1: Ball
3-1: Called Strike
3-2: Ground out 4-3 (Groundball, 4S, EV 64.4 MPH)
Chick Tolson to third
Batting: RHB Milt Stock 0-0: Swinging Strike
0-1: Ball
1-1: Ball
2-1: Swinging Strike
2-2: SINGLE (Groundball, 6MD, EV 102.5 MPH)
Chick Tolson scores
Pitching: RHP Mike Kircher
Batting: LHB Lou Gehrig 0-0: Ball
1-0: SINGLE (Groundball, 6D, EV 107.5 MPH)
Milt Stock to second
Batting: RHB Harry Heilmann 0-0: Fly out, F4 (Popup, 4, EV 72.5 MPH)
Bottom of the 9th over - 3 runs, 4 hits, 1 error, 2 left on base; Union Township 6 - Bullpitt 4
Thursday, April 25th, 2019 - OOTP Baseball 20.2 Build 33